 Dungeon Crawl Stone Soup version 0.30-a0-1094-g860fb061e7 (webtiles) character file.

Game seed: 16057394761824319264

27605 qeuew the Grappler (level 13, -1/128 HPs)
             Began as a Troll Fighter on Apr 17, 2023.
             Was an Initiate of Gozag.
             Slain by an eight-headed hydra (9 damage)
             ... on level 2 of the Lair of Beasts.
             The game lasted 00:17:17 (10717 turns).

qeuew the Grappler (Troll Fighter)                 Turns: 10717, Time: 00:17:17

Health: -1/128     AC:  6    Str: 33    XL:     13   Next: 5%
Magic:  12/12      EV: 12    Int:  4    God:    Gozag
Gold:   1916       SH: 16    Dex: 14    Spells: 12/12 levels left

rFire   + . .      SeeInvis +      - Unarmed
rCold   + . .      Faith    .    b - +0 kite shield
rNeg    . . .      Spirit   .    g - +2 robe "Earthly Heaven" {-Cast rElec Str+4 Dex+3}
rPois   .          Reflect  +    (helmet restricted)
rElec   +          Rampage  .    C - scarf {rC+ rF+}
rCorr   .          NoCast   +    (gloves unavailable)
Will    .....                    (boots unavailable)
Stlth   +                        q - amulet of reflection
HPRegen 1.21/turn                j - ring of see invisible
MPRegen 0.13/turn                f - ring of flight

@: flying
A: large, unfitting armour, claws 3, regeneration 1, shaggy fur 1, tough skin 1
a: Renounce Religion, Potion Petition, Call Merchant, Bribe Branch


You were on level 2 of the Lair of Beasts.
You worshipped Gozag.
Gozag was most pleased with you.
You visited 3 branches of the dungeon, and saw 14 of its levels.
You also visited: Sewer and Bailey.

You collected 3098 gold pieces.
You paid 1182 gold pieces to Gozag.

Inventory:

Missiles
 n - 7 throwing nets
Armour
 b - a +0 kite shield (worn)
 g - the +2 robe "Earthly Heaven" (worn) {-Cast rElec Str+4 Dex+3}
   (You found it on level 2 of the Dungeon)

   Str:       It affects your strength (+4).
   Dex:       It affects your dexterity (+3).
   rElec:     It insulates you from electricity.
   -Cast:     It prevents spellcasting.
 C - a scarf of resistance (worn)
Jewellery
 f - a ring of flight (right claw)
 j - a ring of see invisible (left claw)
 q - an amulet of reflection (around neck)
Wands
 m - a wand of flame (39)
 t - a wand of acid (8)
 v - a wand of polymorph (7)
 w - a wand of mindburst (17) (quivered)
 B - a wand of iceblast (13)
Scrolls
 d - 4 scrolls of identify
 h - 9 scrolls of teleportation
 k - 2 scrolls of blinking
 l - a scroll of fear
 o - 6 scrolls of enchant weapon
 x - 3 scrolls of fog
 y - a scroll of brand weapon
 z - a scroll of magic mapping
 A - 5 scrolls of enchant armour
Potions
 a - a potion of berserk rage
 c - 2 potions of might
 e - 2 potions of haste
 i - 8 potions of curing
 p - 3 potions of magic
 r - a potion of flight
 s - a potion of ambrosia
 u - a potion of invisibility


   Skills:
 + Level 8.4 Fighting
 + Level 8.4 Dodging
 + Level 9.2 Shields
 * Level 13.6 Unarmed Combat
 + Level 5.4 Evocations


You had 12 spell levels left.
You didn't know any spells.
Your spell library contained the following spells:

 Spells                   Type           Power      Damage    Failure   Level
 Magic Dart               Conj           0%         1d3       73%         1
 Summon Small Mammal      Summ           0%         N/A       73%         1
 Blink                    Tloc           0%         N/A       86%         2
 Cigotuvi's Dreadful Rot  Necr/Pois/Air  0%         N/A       86%         2
 Lesser Beckoning         Tloc           0%         N/A       86%         2
 Momentum Strike          Conj/Tloc      0%         3d8       86%         2
 Searing Ray              Conj           0%         2d4       86%         2
 Call Canine Familiar     Summ           0%         N/A       97%         3
 Ignite Poison            Fire/Tmut/Pois 0%         N/A       97%         3
 Summon Guardian Golem    Hex/Summ       0%         N/A       97%         3
 Volatile Blastmotes      Fire/Tloc      0%         2d10      97%         3
 Fulminant Prism          Conj/Hex       0%         3d5       100%        4
 Iskenderun's Mystic Bla  Conj/Tloc      0%         2d3       100%        4
 Passage of Golubria      Tloc           0%         N/A       100%        4
 Freezing Cloud           Conj/Ice/Air   0%         6-21      100%        5
 Lee's Rapid Deconstruct  Erth           0%         3d4*      100%        5
 Silence                  Hex/Air        0%         N/A       100%        5
 Ozocubu's Refrigeration  Ice            0%         4d7       100%        7
 Lehudib's Crystal Spear  Conj/Erth      0%         10d2      100%        8
 Polar Vortex             Ice            0%         N/A       100%        9
 Simulacrum               Ice/Necr       Unusable   N/A       N/A         6

Dungeon Overview and Level Annotations

Branches:
Dungeon (11/15)            Temple (1/1) D:6            Lair (2/5) D:11
  Sewer (visited)          Bailey (visited)
  Swamp: Lair:2-3    Shoals: Lair:2-3     Snake: Lair:2-3    Spider: Lair:2-3
    Orc: D:9-12

Altars:
Ashenzari
Cheibriados
Elyvilon
Fedhas
Gozag
Okawaru
Qazlal
Sif Muna
Trog
Vehumet
Wu Jian
Yredelemnul
Zin

Shops:
D:4 ?   D:9 [

Annotations:
D:3 1 runed translucent door, SpyderV's ghost, amateur HOFi
D:11 2 transporters


Innate Abilities, Weirdness & Mutations

You are too large for most types of armour.
You have claws for hands.
Your natural rate of healing is unusually fast.
You are covered in fur. (AC +1)
You have tough skin. (AC +1)


Message History

The six-headed hydra grows two more!
You mangle the eight-headed hydra!!
The eight-headed hydra is almost dead.
You block the eight-headed hydra's attack.
The eight-headed hydra bites you!
The eight-headed hydra bites you but does no damage.
You block the eight-headed hydra's attack.
The eight-headed hydra bites you.
The eight-headed hydra barely misses you.
You block the eight-headed hydra's attack.
The eight-headed hydra closely misses you.
The eight-headed hydra bites you!
The eight-headed hydra closely misses you.
The eight-headed hydra bites you. x2
You block the eight-headed hydra's attack.
The eight-headed hydra bites you! The eight-headed hydra bites you.
The eight-headed hydra barely misses you.
You claw one of the eight-headed hydra's heads off!
The seven-headed hydra grows two more!
You claw the nine-headed hydra!
The nine-headed hydra is almost dead.
The nine-headed hydra misses you. The nine-headed hydra bites you!
You block the nine-headed hydra's attack.
The nine-headed hydra completely misses you.
The nine-headed hydra closely misses you.
The nine-headed hydra bites you.
The nine-headed hydra closely misses you.
You block the nine-headed hydra's attack.
The nine-headed hydra bites you.
* * * LOW HITPOINT WARNING * * *
The eight-headed hydra bites you.
* * * LOW HITPOINT WARNING * * *
The eight-headed hydra closely misses you.
The eight-headed hydra bites you!
* * * LOW HITPOINT WARNING * * *
You block the eight-headed hydra's attack.
The eight-headed hydra bites you but does no damage.
The eight-headed hydra bites you!
* * * LOW HITPOINT WARNING * * *
The eight-headed hydra bites you!
You die...
Your body crumbles into a pile of gold.

##..........###..###.........
#...............# ##........
#..............## #.......<
♣..♣.♣♣♣♣..♣#♣..# #......[.
♣♣ ♣P♣♣♣♣♣.# #........
♣♣♣♣♣.♣.## ##.P.#.'#
♣♣.♣≈....# ######..
♣♣..~~....# ##.# ♣..D@≈~♣#.#
#..# ♣.$D~~~♣ ## ##..
♣§♣~≈~~♣ ##.P §§ ♣$~~~♣ #..#
.§§ ♣≈~≈≈♣ #P.# .. ♣♣♣≈≈≈♣
##.# ♣ ♣.♣♣♣♣♣ #..# #..♣ ##..
#..## #..#


You could see a nine-headed hydra and an eight-headed hydra.

Vanquished Creatures
  Harold (Lair:1)
  A two-headed ogre (D:9)
  A boulder beetle (Lair:1)
  3 death yaks (Lair:1)
  4 skeletal warriors (D:11)
  3 cyclopes
  4 black mambas
  Joseph (D:9)
  An ice statue (Lair:2)
  4 cane toads
  A freezing wraith (Lair:2)
  3 komodo dragons
  2 trolls
  Prince Ribbit (D:7)
  5 blink frogs (Lair:1)
  A shadow (D:11)
  2 wraiths (D:10)
  31 yaks
  2 wyverns
  4 basilisks (Lair:1)
  Eustachio (D:4)
  A steam dragon (Lair:1)
  2 swamp worms (Lair:2)
  A water moccasin (Lair:2)
  9 ice beasts (Lair:2)
  A sky beast (D:7)
  4 black bears
  14 orc warriors
  An ogre (D:4)
  22 wolves
  A boggart (D:10)
  6 centaurs
  A phantom (D:6)
  3 kobold brigands
  Blork the orc (D:4)
  A gnoll sergeant (D:8)
  4 scorpions
  4 bullfrogs
  29 wights
  5 killer bees (D:9)
  2 howler monkeys
  2 jellies (D:6)
  A hound (D:5)
  4 orc priests
  3 sleepcaps
  2 gnoll boudas
  11 iguanas
  Natasha (twice) (D:2)
  11 orc wizards
  A hell rat (Sewer)
  13 gnolls
  5 adders
  3 river rats (Sewer)
  A shadow imp (D:8)
  2 white imps
  2 ufetubi
  4 worms
  A dart slug (D:2)
  53 orcs
  5 bats
  5 endoplasms
  A giant cockroach (D:1)
  5 goblins
  12 hobgoblins
  40 kobolds
  4 quokkas
  6 ball pythons
  4 frilled lizards
  9 rats
400 creatures vanquished.

Vanquished Creatures (others)
  8 fungi
  18 plants
26 creatures vanquished.

Grand Total: 426 creatures vanquished

Notes
Turn   | Place    | Note
-------+----------+-------------------------------------------
     0 | D:1      | qeuew the Troll Fighter began the quest for the Orb.
     0 | D:1      | Reached XP level 1. HP: 22/22 MP: 0/0
   143 | D:1      | Reached XP level 2. HP: 29/29 MP: 1/1
   498 | D:1      | Reached XP level 3. HP: 36/36 MP: 2/2
   885 | D:2      | Identified the +2 robe "Earthly Heaven" {-Cast rElec Str+4
                  | Dex+3}
  1098 | D:2      | Noticed Natasha
  1106 | D:2      | Killed Natasha
  1107 | D:2      | Reached skill level 3 in Unarmed Combat
  1208 | D:2      | Noticed Natasha
  1213 | D:2      | Killed Natasha
  1214 | D:2      | Reached XP level 4. HP: 43/44 MP: 3/3
  1309 | D:3      | Reached XP level 5. HP: 45/52 MP: 4/4
  1852 | D:3      | Found a runed translucent door.
  1852 | D:3      | Noticed SpyderV's ghost (amateur HOFi)
  1991 | D:4      | Noticed Eustachio
  1992 | D:4      | Found Umeurgh's Magic Scroll Boutique.
  2001 | D:4      | Reached skill level 4 in Unarmed Combat
  2011 | D:3      | Reached XP level 6. HP: 37/61 MP: 5/5
  2077 | D:4      | Killed Eustachio
  2091 | D:4      | Identified the +9 morningstar "Ysiocw" {drain, rPois rC+
                  | MP+9 Int+3}
  2211 | D:4      | Reached skill level 5 in Unarmed Combat
  2211 | D:4      | Reached XP level 7. HP: 55/68 MP: 6/6
  2303 | D:4      | Noticed Blork the orc
  2310 | D:4      | Killed Blork the orc
  2534 | D:5      | Entered Level 5 of the Dungeon
  2536 | D:5      | Found a glowing drain.
  2550 | Sewer    | Entered a sewer
  2739 | D:5      | Reached skill level 6 in Unarmed Combat
  2809 | D:5      | Reached XP level 8. HP: 78/78 MP: 7/7
  3225 | D:6      | Found a broken altar of Ashenzari.
  3310 | D:6      | Reached skill level 5 in Shields
  3400 | D:6      | Found a staircase to the Ecumenical Temple.
  3424 | Temple   | Entered the Ecumenical Temple
  3431 | Temple   | Became a worshipper of Gozag Ym Sagoz the Greedy
  3541 | D:6      | Reached skill level 7 in Unarmed Combat
  3796 | D:6      | Found a basalt altar of Yredelemnul.
  3802 | D:6      | Found a radiant altar of Vehumet.
  3807 | D:6      | Found a glowing silver altar of Zin.
  4013 | D:7      | Found a flagged portal.
  4030 | D:7      | Reached skill level 5 in Fighting
  4042 | Bailey   | Entered a bailey
  4058 | Bailey   | Reached skill level 5 in Dodging
  4058 | Bailey   | Reached XP level 9. HP: 83/88 MP: 8/8
  4224 | Bailey   | Reached skill level 8 in Unarmed Combat
  4332 | Bailey   | Noticed an orc knight
  4332 | Bailey   | Noticed an orc knight
  4999 | D:7      | Noticed Prince Ribbit
  5016 | D:7      | Killed Prince Ribbit
  5017 | D:7      | Reached skill level 9 in Unarmed Combat
  5369 | D:8      | Reached XP level 10. HP: 49/98 MP: 9/9
  5534 | D:8      | Reached skill level 1 in Evocations
  5939 | D:8      | Noticed a cyclops
  5946 | D:8      | Killed a cyclops
  6047 | D:9      | Reached skill level 10 in Unarmed Combat
  6057 | D:9      | Identified the staff of air "Ukhlujiu" {Contam Fly rElec
                  | rCorr Dex+4}
  6129 | D:9      | Noticed Joseph
  6214 | D:9      | Killed Joseph
  6289 | D:9      | Noticed a two-headed ogre
  6294 | D:9      | Killed a two-headed ogre
  6758 | D:9      | Reached XP level 11. HP: 86/107 MP: 10/10
  6786 | D:9      | Found Bioseuw's Antique Armour Shoppe.
  7110 | D:10     | Entered Level 10 of the Dungeon
  7417 | D:10     | Found a bloodstained altar of Trog.
  7654 | D:10     | Reached skill level 11 in Unarmed Combat
  7937 | D:11     | Noticed a seven-headed hydra
  7937 | D:11     | Noticed a boulder beetle
  7944 | D:11     | Noticed a skeletal warrior
  7945 | D:11     | Noticed a skeletal warrior
  7953 | D:11     | Killed a skeletal warrior
  7959 | D:11     | Noticed a skeletal warrior
  7961 | D:11     | Killed a skeletal warrior
  8082 | D:11     | Found a transporter.
  8082 | D:11     | Noticed a fire giant
  8095 | D:11     | Noticed a swamp dragon
  8124 | D:11     | Found a transporter.
  8125 | D:11     | Noticed a goliath frog
  8132 | D:11     | a goliath frog changed into a seven-headed hydra
  8132 | D:11     | Noticed a seven-headed hydra (glowing shapeshifter)
  8136 | D:11     | a seven-headed hydra changed into a broodmother
  8136 | D:11     | Noticed a broodmother (glowing shapeshifter)
  8137 | D:11     | a broodmother changed into a satyr
  8137 | D:11     | Noticed a satyr (glowing shapeshifter)
  8138 | D:11     | a satyr changed into a ghost moth
  8138 | D:11     | Noticed a ghost moth (glowing shapeshifter)
  8139 | D:11     | a ghost moth changed into a jorogumo
  8139 | D:11     | Noticed a jorogumo (glowing shapeshifter)
  8144 | D:11     | a jorogumo changed into a spark wasp
  8144 | D:11     | Noticed a spark wasp (glowing shapeshifter)
  8216 | D:11     | Noticed a skeletal warrior
  8224 | D:11     | Killed a skeletal warrior
  8230 | D:11     | Killed a skeletal warrior
  8317 | D:11     | Found a staircase to the Lair.
  8395 | D:11     | Reached skill level 12 in Unarmed Combat
  8520 | D:11     | Noticed a radroach
  8533 | D:11     | Noticed a great orb of eyes
  8533 | D:11     | a great orb of eyes changed into a slime creature
  8705 | Lair:1   | Entered Level 1 of the Lair of Beasts
  8819 | Lair:1   | Reached XP level 12. HP: 113/118 MP: 11/11
  9122 | Lair:1   | Noticed a death yak
  9122 | Lair:1   | Noticed a death yak
  9122 | Lair:1   | Noticed a death yak
  9141 | Lair:1   | Killed a death yak
  9143 | Lair:1   | Killed a death yak
  9152 | Lair:1   | Killed a death yak
  9154 | Lair:1   | Noticed Harold
  9162 | Lair:1   | Killed Harold
  9268 | Lair:1   | Noticed a boulder beetle
  9290 | Lair:1   | Killed a boulder beetle
  9396 | Lair:1   | Identified the +5 hand axe "Soohumm" {chaos, rElec rPois
                  | rCorr Stlth-}
  9455 | Lair:1   | Reached skill level 13 in Unarmed Combat
  9459 | Lair:1   | Reached skill level 5 in Evocations
  9836 | Lair:1   | Identified a scroll of acquirement
  9837 | Lair:1   | Acquired a scarf of resistance
 10492 | Lair:2   | Reached XP level 13. HP: 113/128 MP: 12/12
 10717 | Lair:2   | Slain by an eight-headed hydra

Illustrated notes

Levels and vault maps discovered:
D:1:      minmay_arrival_up_and_down, layout_loops_cross, chequers_garden,
          minmay_splitting_lines, kennysheep_small_spiral,
          chequers_serial_rivers_marsh
D:2:      layout_basic, uniq_natasha
D:3:      layout_loops_ring, gammafunk_ghost_grave
D:4:      layout_rooms, serial_shops, nicolae_square_shop, uniq_eustachio,
          uniq_blork_the_orc
D:5:      layout_rooms, cheibrodos_sewer_entry_sluice
D:6:      layout_loops_cross, nicolae_ashenzari_skybound,
          minmay_overflow_temple_star_quad, temple_statues, grunt_ministairs_15,
          st_stairs_7
D:7:      layout_basic, serial_glass, glass_columns_a, glass_columns_a,
          enter_bailey_4, kennysheep_doodads, minivault_5, uniq_prince_ribbit1
D:8:      layout_cave_pools, nicolae_wwwww
D:9:      kennysheep_kobold_camp, layout_cave_pools, serial_shops, shop,
          kennysheep_nondescript, uniq_joseph
D:10:     layout_cave_pods, trog_butcher_becter, serial_column_ruins,
          column_ruins_hut_pillars, column_ruins_square_small,
          column_ruins_columns_water, column_ruins_grid_1,
          column_ruins_open_small, column_ruins_open_tiny,
          column_ruins_open_small
D:11:     gammafunk_sealed_arena, layout_cave_pools, lair_entry_dummy
Temple:   nicolae_temple_bog_church
Lair:1:   layout_misc_corridors, cheibrodos_lair_reptile_den,
          grunt_megastairs_3, infiniplex_staircase_pool_2, uniq_harold
Lair:2:   layout_roguey, palyth_hydra_swamp_entry, ice2_lemuel

Skill      XL: |  1  2  3  4  5  6  7  8  9 10 11 12 |
---------------+-------------------------------------+-----
Shields        | 3 4 5 6 7 8 9 |  9.2
Unarmed Combat | 3 4 5 6 7 9 10 12 13 | 13.6
Fighting       | 3 4 5 6 7 8 |  8.4
Dodging        | 3 4 5 6 7 8 |  8.4
Evocations     | 2 4 5 |  5.4

Action                     |  1- 3 |  4- 6 |  7- 9 | 10-12 | 13-15 || total
---------------------------+-------+-------+-------+-------+-------++-------
  Melee: Unarmed           |    83 |   119 |   337 |   687 |    30 ||  1256
 Invoke: Potion Petition   |       |       |       |     1 |     1 ||     2
  Evoke: Wand              |       |       |       |       |     6 ||     6
    Use: Scroll            |     4 |     7 |     6 |     8 |       ||    25
         Potion            |     3 |       |     5 |     2 |     1 ||    11
   Stab: Sleeping          |     1 |     4 |     1 |     2 |       ||     8
         Distracted        |       |       |     1 |     2 |       ||     3
 Armour: Robe              |    29 |    31 |    88 |    96 |     3 ||   247
  Dodge: Dodged            |    19 |    46 |   127 |   197 |    21 ||   410
  Block: Kite shield       |    23 |    53 |   192 |   504 |    33 ||   805
         Reflection        |       |       |    12 |    25 |       ||    37

Table legend: (Time is in decaauts)
 A = Elapsed time spent in this place.
 B = Non-inter-level travel time spent in this place.
 C = Inter-level travel time spent in this place.
 D = Time resting spent in this place.
 E = Time spent auto-exploring this place.
 F = Levels seen in this place.
 G = Mean time per level.
                   A        B        C        D        E       F      G
               +--------+--------+--------+--------+--------+-----+--------+
         Total |  10637 |  10352 |    285 |    130 |   7840 |  16 |  664.8 |
       Dungeon |   8274 |   8017 |    257 |    130 |   6116 |  11 |  752.2 |
        Temple |     14 |      2 |     12 |      0 |      0 |   1 |   14.0 |
          Lair |   1963 |   1948 |     15 |      0 |   1508 |   2 |  981.5 |
         Sewer |     91 |     91 |      0 |      0 |     38 |   1 |   91.0 |
        Bailey |    293 |    293 |      0 |      0 |    178 |   1 |  293.0 |
               +--------+--------+--------+--------+--------+-----+--------+

Top non-repeatable levels by time:
     D:7: 1149 daAuts
  Lair:1: 1116 daAuts
     D:9: 1004 daAuts
    D:10: 902 daAuts
  Lair:2: 847 daAuts
     D:3: 785 daAuts
     D:1: 763 daAuts
     D:6: 756 daAuts
     D:8: 700 daAuts
    D:11: 686 daAuts
     D:4: 522 daAuts
     D:5: 509 daAuts
     D:2: 494 daAuts
  Bailey: 293 daAuts
   Sewer: 91 daAuts
